 Dungeon Crawl Stone Soup version 0.29-a0-821-g66395355a5 (webtiles) character file.

Game seed: 5992391018397580892

1 garo1102 the Caller (level 1, 0/7 HPs)
             Began as a Felid Summoner on July 7, 2022.
             Slain by a hobgoblin (3 damage)
             ... on level 1 of the Dungeon.
             The game lasted 00:01:07 (49 turns).

garo1102 the Caller (Felid Summoner)                  Turns: 49, Time: 00:01:08

Health: 0/7        AC:  1    Str:  4    XL:     1   Next: 16%
Magic:  3/4        EV: 17    Int: 16    God:
Gold:   0          SH:  0    Dex: 16    Spells: 3/4 levels left
                                        Lives:  0   Deaths: 0

rFire   . . .      SeeInvis +   (weapon unavailable)
rCold   . . .      Faith    .   (shield unavailable)
rNeg    . . .      Spirit   .   (body armour unavailable)
rPois   .          Reflect  .   (helmet unavailable)
rElec   .          Harm     .   (cloak unavailable)
rCorr   .          Rampage  .   (gloves unavailable)
Will    .....                   (boots unavailable)
Stlth   ++........              (no amulet)
HPRegen 0.02/turn               (no ring)
MPRegen 0.09/turn               (no ring)

@: quick
A: very small, claws 1, fangs 3, see invisible, speed 1, shaggy fur 1, stealthy
paws, no weapons or thrown items, no armour, multi-lived
a: no special abilities


You were on level 1 of the Dungeon.
You visited 1 branch of the dungeon, and saw 1 of its levels.

Inventory:

Potions
 a - a potion of magic


   Skills:
 + Level 0.0 Fighting
 + Level 2.7 Dodging
 + Level 2.7 Stealth
 * Level 2.0 Spellcasting
 + Level 4.0 Summonings


You had 3 spell levels left.
You knew the following spells:

 Your Spells              Type           Power      Damage    Failure   Level
a - Summon Small Mammal   Summ           56%        N/A       4%          1

Your spell library contained the following spells:

 Spells                   Type           Power      Damage    Failure   Level
 Call Imp                 Summ           14%        N/A       6%          2
 Call Canine Familiar     Summ           14%        N/A       12%         3
 Summon Guardian Golem    Hex/Summ       8%         N/A       26%         3
 Summon Lightning Spire   Summ/Air       8%         N/A       65%         4


Dungeon Overview and Level Annotations

Branches:
Dungeon (1/15)

Altars:


Innate Abilities, Weirdness & Mutations

You have sharp claws.
You have razor-sharp teeth.
You have supernaturally acute eyesight. (SInv)
You cover ground quickly. (Speed+)
You are covered in fur. (AC +1)
Your paws help you pounce on unaware monsters.
You are incapable of wielding weapons or throwing items.
You cannot wear armour.
You gain extra lives every three experience levels.


Message History

Confirm with . or Enter, or press ? or * to list all spells.
The ball python completely misses you. The ball python grabs you.
The ball python constricts you.
You escape the ball python's grasp.
You swap places.
Your bat misses the ball python. The ball python misses your bat.
The ball python grabs your bat. The ball python constricts your bat.
Your bat hits the ball python.
Your bat struggles to escape constriction.
The ball python bites your bat.
Your bat dies!
Your bat's corpse disappears in a puff of smoke!
You start resting.
A ball python is nearby!
Casting: Summon Small Mammal (safe; 4% risk of failure)
Confirm with . or Enter, or press ? or * to list all spells.
Your quokka closely misses the ball python.
You scratch the ball python but do no damage.
The ball python is moderately wounded.
The ball python closely misses you. x2; Your quokka bites the ball python.
The ball python bites your quokka but does no damage.
The ball python grabs your quokka. The ball python constricts your quokka.
You scratch the ball python but do no damage.
The ball python is heavily wounded.
Your quokka barely misses the ball python.
The ball python misses you. The ball python constricts your quokka.
You barely miss the ball python.
The ball python is heavily wounded.
Your quokka bites the ball python.
The ball python misses you. The ball python constricts your quokka.
You scratch the ball python but do no damage.
The ball python is severely wounded.
Your quokka bites the ball python.
The ball python dies!
Your quokka bites the hobgoblin.
You scratch the hobgoblin but do no damage.
Your bite misses the hobgoblin.
The hobgoblin is moderately wounded.
The hobgoblin hits you.
You die...

#### ##..# #..##
#.## ###.##
##....###
+[r@#..<#
##g###.## #.# #.#
##.# #.. $......
###..# ##.#
.......##ยงยง#..#
.#
.......#S####.#
## .......#g# ...
......#.# #..#


You could see a hobgoblin (ally target) and a friendly quokka (summoned).

Vanquished Creatures (collateral kills)
  A ball python (D:1)
1 creature vanquished.

Notes
Turn   | Place    | Note
-------+----------+-------------------------------------------
     0 | D:1      | garo1102 the Felid Summoner began the quest for the Orb.
     0 | D:1      | Reached XP level 1. HP: 7/7 MP: 4/4
    49 | D:1      | Slain by a hobgoblin

Illustrated notes

Levels and vault maps discovered:
D:1:      dpeg_arrival_round_a, layout_basic,
          dreamdust_ecumenical_altar_drowned_temple, minivault_14

Action                   || total
-------------------------++-------
Melee: Unarmed           ||     6
 Cast: Summon Small Mamm ||     2
Dodge: Dodged            ||     8

Table legend: (Time is in decaauts)
 A = Elapsed time spent in this place.
 B = Non-inter-level travel time spent in this place.
 C = Inter-level travel time spent in this place.
 D = Time resting spent in this place.
 E = Time spent auto-exploring this place.
 F = Levels seen in this place.
 G = Mean time per level.
                   A        B        C        D        E       F      G
               +--------+--------+--------+--------+--------+-----+--------+
         Total |     41 |     41 |      0 |      2 |     17 |   1 |   41.0 |
       Dungeon |     41 |     41 |      0 |      2 |     17 |   1 |   41.0 |
               +--------+--------+--------+--------+--------+-----+--------+

Top non-repeatable levels by time:
     D:1: 41 daAuts
